 Dungeon Crawl Stone Soup version 0.30-a0-1050-g2766ea1e55 (webtiles) character file.

Game seed: 9024947889700956253

3370 CryoSword the Conjurer (level 9, 0/71 HPs)
             Began as a Yellow Draconian Hedge Wizard on Apr 10, 2023.
             Was a Follower of Dithmenos.
             Slain by a yak (13 damage)
             ... on level 8 of the Dungeon.
             The game lasted 00:21:09 (9246 turns).

CryoSword the Conjurer (DrHW)                       Turns: 9246, Time: 00:21:09

Health: 0/71       AC:  9    Str: 21    XL:     9   Next: 73%
Magic:  8/13       EV: 12    Int: 17    God:    Dithmenos [*.....]
Gold:   296        SH:  0    Dex: 10    Spells: 6/14 levels left

rFire   . . .      SeeInvis .    w - +2 whip (drain)
rCold   . . .      Faith    .    (no shield)
rNeg    . . .      Spirit   .    (body armour unavailable)
rPois   .          Reflect  .    b - +0 hat
rElec   .          Rampage  .    (no cloak)
rCorr   +                        u - +0 pair of gloves
Will    +....                    d - +0 pair of boots
Stlth   +++                      (no amulet)
HPRegen 0.31/turn                o - ring of willpower
MPRegen 0.13/turn                k - +6 ring of strength

@: short of breath, wreathed by umbra, studying Unarmed Combat
A: spit acid, AC +7, unfitting armour, cold-blooded, acid resistance
a: Breathe Acid, Renounce Religion


You were on level 8 of the Dungeon.
You worshipped Dithmenos.
Dithmenos was aware of your devotion.
You visited 2 branches of the dungeon, and saw 9 of its levels.
You also visited: Sewer.

You collected 380 gold pieces.
You spent 84 gold pieces at shops.

Inventory:

Hand Weapons
 w - a +2 whip of draining (weapon)
   (You took it off a kobold on level 2 of the Dungeon)
 D - a +3 war axe of flaming
   (You took it off Maggie on level 6 of the Dungeon)
Missiles
 t - 2 throwing nets
 B - 5 poisoned darts
Armour
 b - a +0 hat (worn)
 d - a +0 pair of boots (worn)
   (You found it on level 1 of the Dungeon)
 u - a +0 pair of gloves (worn)
   (You found it on level 3 of the Dungeon)
Jewellery
 k - a +6 ring of strength (right hand)
   (You found it on level 3 of the Dungeon)
 o - a ring of willpower (left hand)
   (You found it on level 1 of the Dungeon)
Wands
 q - a wand of charming (10)
   (You took it off an orc on level 4 of the Dungeon)
 E - a wand of flame (11)
   (You took it off Dowan on level 5 of the Dungeon)
 G - a wand of acid (1)
   (You found it on level 7 of the Dungeon)
Scrolls
 a - a scroll of torment {unknown}
 e - a scroll of enchant armour {unknown}
 f - 3 scrolls of fog
 h - 9 scrolls of teleportation {@r4}
 i - 4 scrolls of enchant weapon
 m - a scroll of amnesia {unknown}
 p - a scroll of acquirement {unknown}
 y - 2 scrolls of poison {unknown}
 C - 2 scrolls of blinking {unknown}
Potions
 c - 2 potions of invisibility {unknown}
 g - 6 potions of haste {unknown}
 j - 2 potions of berserk rage {unknown}
 l - 2 potions of attraction {unknown}
 n - 7 potions of curing {unknown}
 r - 2 potions of flight
 s - 2 potions of heal wounds {unknown}
 v - 5 potions of mutation {!q}
 x - a potion of brilliance {unknown}
 z - 3 potions of might
 A - a potion of magic


   Skills:
 + Level 4.0 Fighting
 * Level 5.6 Maces & Flails
 - Level 2.0 Dodging
 + Level 5.5 Stealth
 - Level 3.0 Spellcasting
 - Level 6.1 Conjurations
 + Level 5.3 Summonings
 - Level 3.0 Translocations
 + Level 4.3 Air Magic
 + Level 2.3 Poison Magic
 + Level 3.2 Invocations


You had 6 spell levels left.
You knew the following spells:

 Your Spells              Type           Power      Damage    Failure   Level
a - Magic Dart            Conj           92%        1d7       1%          1
b - Call Imp              Summ           40%        N/A       3%          2
B - Blink                 Tloc           24%        N/A       8%          2
C - Mephitic Cloud        Conj/Pois/Air  17%        N/A       9%          3

Your spell library contained the following spells:

 Spells                   Type           Power      Damage    Failure   Level
 Summon Small Mammal      Summ           80%        N/A       1%          1
 Apportation              Tloc           24%        N/A       4%          1
 Cigotuvi's Dreadful Rot  Necr/Pois/Air  20%        N/A       11%         2
 Necrotise                Necr           8%         1d4       17%         1
 Slow                     Hex            8%         N/A       17%         1
 Petrify                  Tmut/Erth      2%         N/A       86%         4
 Metabolic Englaciation   Hex/Ice        1%         N/A       99%         5
 Statue Form              Tmut/Erth      1%         N/A       100%        6


Dungeon Overview and Level Annotations

Branches:
Dungeon (8/15)             Temple (1/1) D:4           Sewer (visited)
   Lair: D:8-11

Altars:
Ashenzari
Cheibriados
Dithmenos
Fedhas
Gozag
Hepliaklqana
Kikubaaqudgha
Makhleb
Qazlal
Sif Muna
Trog
Uskayaw
Vehumet
Wu Jian
Xom
Yredelemnul
The Shining One
Lugonu

Shops:
D:2 *

Annotations:
D:7 3 runed translucent doors, void236's ghost, novice GrFi


Innate Abilities, Weirdness & Mutations

You can spit globs of acid.
Your golden yellow scales are hard. (AC +7)
You cannot fit into any form of body armour.
You are cold-blooded and may be slowed by cold attacks.
You are resistant to acid. (rCorr)


Message History

Your cerulean imp disappears in a puff of smoke!
Aim: a steam dragon (steam, chance to affect: 81%)
The ball explodes into a vile cloud!
The stinking cloud engulfs the steam dragon but does no damage.
The stinking cloud engulfs the yak but does no damage.
Something shouts, "Leave, thou unmuzzled toot-wallowing apple-john!"
The yak is engulfed in noxious fumes.
The yak appears confused.
The boulder beetle leaps!
The steam dragon is engulfed in noxious fumes.
The steam dragon appears confused.
You barely miss the steam dragon.
The yak is engulfed in noxious fumes.
The yak appears confused.
The boulder beetle is engulfed in noxious fumes.
The boulder beetle leaps!
The centaur shoots an arrow.
The arrow barely misses you.
The yak is engulfed in noxious fumes.
The yak appears confused.
The steam dragon barely misses you. The steam dragon closely misses you.
The yak is engulfed in noxious fumes.
The centaur is engulfed in noxious fumes.
The centaur appears confused.
There is a stone staircase leading up here.
You climb upwards.
Level annotation: 3 runed translucent doors, void236's ghost, novice GrFi
There is a stone staircase leading down here.
You have got your breath back.
You open the door.
There is an open door here.
There is a stone staircase leading down here.
You climb downwards.
You hear the roar of battle.
There is an entrance to a bailey on this level.
Hurry and find it before the portal closes forever!
You hear the faint creaking of a portcullis.
Found an escape hatch in the floor.
Found a stone staircase leading down.
There is a stone staircase leading up here.
A yak comes into view.
The yak moves out of view.
Found a scroll of teleportation.
A yak comes into view.
The yak bellows! x2
There is a stone staircase leading up here.
Found a flail.
A centaur comes into view.
Found a leather armour and an emerald potion.
The centaur shouts!
The centaur barely misses you.
The centaur kicks you but does no damage.
The centaur hits you.
The centaur kicks you but does no damage.
You hit the centaur.
The centaur hits you but does no damage.
The centaur closely misses you.
You hit the centaur. The centaur misses you. The centaur completely misses you.
Aim: a centaur (lightly wounded, umbra, 78% to hit)
You spit a glob of acid.
The glob of acid hits the centaur!
The acid corrodes the centaur!
The centaur closely misses you.
The centaur kicks you but does no damage.
The centaur barely misses you. x2
A tiny devil pulls itself out of the air.
The centaur barely misses you. The centaur completely misses you.
You hit the centaur.
You kill the centaur!
Dithmenos accepts your kill.
Your cerulean imp hits the yak but does no damage.
Things that are here:
a +0 shortbow; a centaur corpse Your cerulean imp hits the yak but does no damage.
Found a red potion.
Your cerulean imp hits the yak but does no damage.
You hit the yak but do no damage.
You have got your breath back.
The yak gores you.
You hit the yak but do no damage. You drain the yak.
You tail-slap the yak, but do no damage.
Your cerulean imp hits the yak but does no damage.
The yak closely misses you.
You barely miss the yak.
Your cerulean imp closely misses the yak.
You hit the yak but do no damage. The yak gores you but does no damage.
The yak closely misses you.
Your cerulean imp hits the yak but does no damage.
Aim: a yak (lightly wounded, lightly drained, ally target, umbra, chance to affect: 72%) That beam is likely to hit you.
Continue anyway?
Okay, then.
You hit the yak. You drain the yak. The yak gores you.
The yak barely misses you.
Your cerulean imp hits the yak but does no damage.
Aim: a yak (moderately wounded, lightly drained, ally target, umbra, 78% to hit)
You fail to use your ability.
The yak gores you but does no damage.
Aim: a yak (moderately wounded, lightly drained, ally target, umbra, 78% to hit)
You spit a glob of acid.
The glob of acid misses the yak.
The yak barely misses you. The yak gores you.
Your cerulean imp hits the yak from afar with a -2 spear.
You hit the yak. You drain the yak. The yak gores you!
* * * LOW HITPOINT WARNING * * *
The yak barely misses you. The yak gores you but does no damage.
Your cerulean imp barely misses the yak.
The yak barely misses you.
Your cerulean imp hits the yak but does no damage.
Your cerulean imp hits the yak from afar with a -2 spear.
The yak gores your cerulean imp. The yak attacks as you move away!
The yak gores you!
* * * LOW HITPOINT WARNING * * *
Your cerulean imp hits the yak with a -2 spear.
The yak barely misses your cerulean imp.
The yak attacks as you move away! The yak gores you but does no damage.
Your cerulean imp hits the yak with a -2 spear.
The yak gores your cerulean imp!
Your cerulean imp dies!
Your cerulean imp disappears in a puff of smoke!
Aim: a yak (heavily wounded, heavily drained, chance to affect: 81%)
You miscast Mephitic Cloud.
You are very lightly contaminated with residual magic.
Nothing appears to happen.
The floor.
This square is wreathed by an umbra.
Aim: a yak (heavily wounded, heavily drained, chance to affect: 81%)
The ball explodes into a vile cloud!
The stinking cloud engulfs the yak but does no damage. x2
You hear an angry hiss.
The yak is engulfed in noxious fumes.
The yak appears confused.
The yak is engulfed in noxious fumes.
The yak appears confused.
The yak gores something.
The yak bellows!
The yak is engulfed in noxious fumes.
The yak appears confused.
The yak gores the yak!
You hit the yak. You drain the yak.
You tail-slap the yak, but do no damage.
The yak gores itself.
The yak is engulfed in noxious fumes.
The yak gores you but does no damage.
The yak gores the yak!
You hit the yak. You tail-slap the yak. The yak attacks as you move away!
The yak completely misses you. The yak gores you.
* * * LOW HITPOINT WARNING * * *
The yak is engulfed in noxious fumes.
The yak gores you but does no damage. x2
The yak attacks as you move away! The yak gores you but does no damage.
The yak closely misses you.
The yak is engulfed in noxious fumes.
The yak seems less confused.
The yak barely misses you. The yak closely misses you.
You hear the faint creaking of a portcullis nearby.
The yak gores you!
* * * LOW HITPOINT WARNING * * *
The yak gores the yak.
Your magical contamination has completely faded away.
The yak closely misses you. The yak barely misses you.
The yak gores itself!
The yak closely misses you. The yak attacks as you move away!
The yak gores you.
* * * LOW HITPOINT WARNING * * *
The yak gores you!
You die...

#..# ...#### #.## #
#..# ).......)##..#####
#..###°........#.....##
#...###. ..###.YY.....
#....### #.#..###.#.Y
#.#..#######..## #....
##.##..#...#..## ##...
##............## ####
##..Y..Y@..#####
#.Y..YYY..)#
#....Y.....#
#...[......#
#...!......#
#..........#
##........##
#..........#
#..........#


You could see 7 yaks.

Vanquished Creatures
  Maggie (D:6)
  A troll (D:7)
  Grinder (D:4)
  A wyvern (D:6)
  A steam dragon (D:6)
  Menkaure (D:7)
  A water moccasin (D:5)
  Duvessa (D:5)
  An ice beast (D:6)
  A sky beast (D:7)
  An ogre (D:4)
  2 centaurs
  2 phantoms (D:4)
  2 scorpions (D:5)
  A bullfrog (D:8)
  5 wights (D:5)
  2 jellies (Sewer)
  An orc priest (D:4)
  A hound (D:5)
  2 iguanas
  2 sleepcaps
  8 adders
  3 gnolls (D:6)
  A river rat (Sewer)
  A shadow imp (D:5)
  2 white imps (D:7)
  A worm (D:2)
  A dart slug (D:2)
  7 orcs
  6 endoplasms
  6 giant cockroaches
  9 goblins
  9 hobgoblins
  5 kobolds
  2 quokkas
  7 ball pythons
  7 bats
  3 frilled lizards
  7 rats
116 creatures vanquished.

Vanquished Creatures (collateral kills)
  Sigmund (D:2)
  A steam dragon (D:8)
  An ogre (D:4)
  A phantom (D:5)
  Dowan (D:5)
  An orc priest (D:4)
  2 jellies
  3 adders
  A gnoll (D:6)
  A river rat (Sewer)
  A white imp (D:6)
  A worm (D:3)
  3 orcs (D:4)
  6 endoplasms (Sewer)
  2 giant cockroaches (Sewer)
  A goblin (D:2)
  2 hobgoblins
  A kobold (D:4)
  2 frilled lizards
  A rat (Sewer)
33 creatures vanquished.

Vanquished Creatures (others)
  A killer bee (D:8)
  8 plants (D:5)
9 creatures vanquished.

Grand Total: 158 creatures vanquished

Notes
Turn   | Place    | Note
-------+----------+-------------------------------------------
     0 | D:1      | CryoSword the Draconian Hedge Wizard began the quest for
                  | the Orb.
     0 | D:1      | Reached XP level 1. HP: 14/14 MP: 4/4
   332 | D:1      | Reached XP level 2. HP: 20/20 MP: 1/6
  1345 | D:2      | Reached XP level 3. HP: 26/26 MP: 0/7
  1357 | D:2      | Reached skill level 2 in Conjurations
  1527 | D:2      | Found Taog's General Store.
  1539 | D:2      | Bought a potion of flight for 36 gold pieces
  1539 | D:2      | Bought a scroll of immolation for 48 gold pieces
  1574 | D:2      | Learned a level 2 spell: Blink
  1577 | D:2      | Learned a level 2 spell: Call Imp
  1581 | D:2      | Learned a level 3 spell: Mephitic Cloud
  1793 | D:2      | Noticed Sigmund
  1813 | D:2      | Killed Sigmund
  1814 | D:2      | Reached skill level 3 in Conjurations
  1814 | D:2      | Reached XP level 4. HP: 16/33 MP: 0/8
  1814 | D:2      | Reached XP level 5. HP: 18/38 MP: 0/9
  1947 | D:2      | Found a faded altar of an unknown god.
  2376 | D:3      | Found a shadowy altar of Dithmenos.
  2691 | D:3      | Found a glowing drain.
  2715 | Sewer    | Entered a sewer
  2849 | Sewer    | Reached XP level 6. HP: 40/45 MP: 1/10
  3060 | Sewer    | Found a viscous altar of Jiyva.
  3069 | Sewer    | Reached skill level 4 in Conjurations
  3885 | D:4      | Reached skill level 1 in Air Magic
  3885 | D:4      | Reached skill level 1 in Poison Magic
  4124 | D:4      | Your scales start taking on a golden yellow colour.
  4124 | D:4      | Reached XP level 7. HP: 15/50 MP: 1/11
  4124 | D:4      | Gained mutation: You are resistant to acid. (rCorr) [Yellow
                  | Draconian growth]
  4316 | D:4      | Found a staircase to the Ecumenical Temple.
  4344 | Temple   | Entered the Ecumenical Temple
  4427 | D:3      | Became a worshipper of Dithmenos the Shadowed
  4500 | D:4      | Found a burning altar of Makhleb.
  4568 | D:4      | Noticed Grinder
  4580 | D:4      | Paralysed by Grinder for 5 turns
  4597 | D:4      | Killed Grinder
  4650 | D:4      | Reached skill level 5 in Conjurations
  4748 | D:4      | Found a radiant altar of Vehumet.
  4750 | D:4      | Found a shimmering blue altar of Sif Muna.
  4810 | D:4      | Reached skill level 1 in Maces & Flails
  4867 | D:4      | Reached skill level 1 in Fighting
  4867 | D:4      | Reached XP level 8. HP: 12/59 MP: 9/12
  5050 | D:4      | Found a shimmering altar of Xom.
  5414 | D:5      | Entered Level 5 of the Dungeon
  5509 | D:5      | Found a bloodstained altar of Trog.
  5763 | D:5      | Noticed Duvessa
  5763 | D:5      | Noticed Dowan
  6367 | D:5      | Reached skill level 6 in Conjurations
  6880 | D:6      | Reached skill level 1 in Invocations
  7016 | D:6      | Noticed Maggie
  7046 | D:6      | Killed Maggie
  7047 | D:6      | Reached XP level 9. HP: 44/68 MP: 2/13
  7128 | D:6      | Found a hazy altar of Hepliaklqana.
  7149 | D:6      | Reached skill level 5 in Stealth
  7732 | D:5      | Killed Duvessa
  7736 | D:5      | Killed Dowan
  7912 | D:5      | Found a bloodstained altar of Trog.
  8153 | D:6      | Reached skill level 5 in Summonings
  8312 | D:7      | Noticed an efreet
  8320 | D:7      | Noticed void236's ghost (novice GrFi)
  8336 | D:7      | Found a runed translucent gate.
  8336 | D:7      | Found a runed translucent gate.
  8403 | D:7      | Noticed a troll
  8435 | D:7      | Killed a troll
  8436 | D:7      | Reached skill level 5 in Maces & Flails
  8567 | D:7      | Found a runed translucent gate.
  8602 | D:7      | Noticed Menkaure
  8607 | D:7      | Killed Menkaure
  8741 | D:7      | Found a stormy altar of Qazlal.
  8802 | D:7      | Reached * piety under Dithmenos
  9137 | D:8      | Noticed a boulder beetle
  9246 | D:8      | Slain by a yak

Illustrated notes

Levels and vault maps discovered:
D:1:      elethiomel_arrival_maze, layout_basic, minmay_misc_feat_chi,
          st_stairs_10, minmay_misc_feat_pillars, solitary_fountain,
          corner_web_ring, minmay_cut_off
D:2:      layout_rooms, hellmonk_ecumenical_altar_lost_god, serial_shops,
          nicolae_shop_waterfront, nicolae_eternal_life,
          minmay_goblin_kobold_house, uniq_sigmund
D:3:      layout_loops_ring, grunt_dithmenos_smoke_and_mirrors,
          cheibrodos_sewer_entry_bend
D:4:      layout_basic, general_overflow_altar, lemuel_round_altar,
          chequers_temple_overflow_statue_of_worship, temple_doors_e,
          dk_noncrumbling_3, minmay_manual_mess, uniq_grinder
D:5:      layout_basic, mainiacjoe_overflow_boulevard, serial_bayou_lagoon_b,
          uniq_duvessa
D:6:      layout_cave_pods, kennysheep_little_box, uniq_maggie
D:7:      layout_gridville, nicolae_qazlal_style_of_elements,
          gammafunk_ghost_split, uniq_menkaure
D:8:      layout_rooms, mainiacjoe_overflow_concentric_impassable,
          nicolae_overflow_hidden_temple, enter_bailey_7, minmay_ruined_shrine
Temple:   corrupted_temple

Skill      XL: |  1  2  3  4  5  6  7  8  9 |
---------------+----------------------------+-----
Stealth        | 2 3 4 5 |  5.5
Dodging        | 2 |  2.0
Conjurations   | 3 4 5 6 |  6.1
Summonings     | 2 3 4 5 |  5.3
Translocations | 2 3 |  3.0
Air Magic      | 1 2 3 4 |  4.3
Poison Magic   | 1 2 |  2.3
Maces & Flails | 1 4 5 |  5.6
Fighting       | 1 2 4 |  4.0
Invocations    | 1 3 |  3.2
Spellcasting   | |  3.0

Action                     |  1- 3 |  4- 6 |  7- 9 || total
---------------------------+-------+-------+-------++-------
  Melee: Dagger            |    82 |   104 |    10 ||   196
         Tailslap          |     9 |     9 |    30 ||    48
         Punch             |     2 |       |       ||     2
         Whip              |       |       |   183 ||   183
   Cast: Magic Dart        |    65 |    92 |    14 ||   171
         Call Imp          |     3 |    15 |    34 ||    52
         Mephitic Cloud    |     1 |       |     7 ||     8
         Blink             |       |       |     1 ||     1
Ability: Breathe Acid      |       |       |    35 ||    35
    Use: Scroll            |     3 |     1 |     5 ||     9
         Potion            |     1 |       |       ||     1
   Stab: Sleeping          |     2 |     5 |     2 ||     9
         Confused          |       |       |     5 ||     5
         Distracted        |       |       |     3 ||     3
 Armour: Skin              |    41 |    65 |   104 ||   210
  Dodge: Dodged            |    69 |    85 |   157 ||   311

Table legend: (Time is in decaauts)
 A = Elapsed time spent in this place.
 B = Non-inter-level travel time spent in this place.
 C = Inter-level travel time spent in this place.
 D = Time resting spent in this place.
 E = Time spent auto-exploring this place.
 F = Levels seen in this place.
 G = Mean time per level.
                   A        B        C        D        E       F      G
               +--------+--------+--------+--------+--------+-----+--------+
         Total |   9324 |   8819 |    505 |    716 |   6322 |  10 |  932.4 |
       Dungeon |   8611 |   8120 |    491 |    648 |   5865 |   8 | 1076.4 |
        Temple |     45 |     31 |     14 |      0 |     24 |   1 |   45.0 |
         Sewer |    667 |    667 |      0 |     68 |    432 |   1 |  667.0 |
               +--------+--------+--------+--------+--------+-----+--------+

Top non-repeatable levels by time:
     D:4: 1719 daAuts
     D:5: 1541 daAuts
     D:2: 1221 daAuts
     D:1: 1132 daAuts
     D:6: 1082 daAuts
     D:7: 929 daAuts
     D:3: 895 daAuts
   Sewer: 667 daAuts
     D:8: 88 daAuts
  Temple: 45 daAuts
